[Event "Early-Titled-Tuesday-Blitz-January-23-2024"]
[Site "Chess.com"]
[Date "2024.01.23"]
[Round "2"]
[White "Andrej2004"]
[Black "jefferyx"]
[Result "0-1"]
[WhiteElo "2627"]
[BlackElo "3015"]
[TimeControl "180+1"]
[EndTime "8:18:12 PST"]
[Termination "jefferyx won by resignation"]

1. Nf3 c5 2. c4 Nf6 3. b3 d5 4.
cxd5 Nxd5 5. g3 Nc6 6. Bg2 e5 7.
d3 Be7 8. O-O O-O 9. Bb2 f6 10.
Nc3 Be6 11. Rc1 Qd7 12. Nd2 b6 13. a3 Rfd8 14. Nxd5 Bxd5 15. Qc2 Bxg2 16. Kxg2 Qd5+ 17. Kg1 f5 18. Qc4 Bg5 19. f4 exf4 20. gxf4 Bh6 21. b4 Ne7 22. bxc5 bxc5 23. Qxc5 Ng6 24. Qxd5+ Rxd5 25. Rc4 Re8 26. Rf2 Nxf4 27. Rfxf4 Bxf4 28. Rxf4 Rxe2 29. Rf2 Rxf2 30. Kxf2 Rxd3 31. Ke2 Rh3 32. Nf3 h6 33.
Bd4 a6 34. Bg1 g5 35. a4 Kf7 36. a5 Kf6 37. Nd4 Ra3 38. Nc6 f4 39. Bb6 g4 40.
Nb4 Kf5 41. Nxa6 Ra2+ 42. Kf1 Ke4 43. Nc5+ Kf3 44. Nb3 Rxh2 45. Nd4+ Ke4 46. a6 Ra2 47. a7 g3 48. Nc6 f3 49. Ke1 Ra1+ 50. Kd2 f2 51. Na5 Rd1+ 52. Kc2 Rc1+ 53. Kxc1 f1=Q+ 54. Kc2 Qa6 55. Nc6 Qa4+ 56. Kd2 Qxc6 0-1

[Event "Early-Titled-Tuesday-Blitz-January-23-2024"]
[Site "Chess.com"]
[Date "2024.01.23"]
[Round "2"]
[White "Rud_Makarian"]
[Black "JiaHaoxiang"]
[Result "1-0"]
[WhiteElo "3013"]
[BlackElo "2626"]
[TimeControl "180+1"]
[EndTime "8:18:12 PST"]
[Termination "Rud_Makarian won by checkmate"]

1. d4 d5 2. c4 c6 3. Nf3 Nf6 4. Nc3 dxc4 5. g3 b5 6. Bg2 e6 7.
Ne5 Nd5 8. O-O Be7 9. a4 b4 10. Nxd5 cxd5 11. Nxc4 Nd7 12. Nd2 Ba6 13. Re1 O-O 14.
e4 dxe4 15. Nxe4 Rc8 16. Bf4 Nf6 17. Nc5 Bxc5 18. dxc5 Qa5 19. Bd6 Rfd8 20. Qb3 Ne8 21. Bf4 Qxc5 22. Rad1 Bc4 23. Qe3 Qxe3 24. Bxe3 Bb3 25.
Rxd8 Rxd8 26. a5 a6 27. Bf1 Nd6 28. Bb6 Ra8 29. Rc1 Bd5 30. Be2 h6 31. f3 Kh7 32.
Kf2 g5 33. Rc7 Kg7 34. Bd4+ Kf8 35. Bc5 Rd8 36. Bxa6 Kg7 37. Be2 Nc4 38. Bxb4 Nd6 39. a6 Kg6 40. Bxd6 Rxd6 41. b4 Rb6 42. b5 Kf6 43. a7 e5 44. Rc8 Bb7 45. Rb8 Ke6 46.
Rxb7 Rxb7 47. a8=Q Rd7 48. Qe8+ Re7 49. Qc6+ Kf5 50. g4+ Kf4 51. Qf6# 1-0

[Event "Early-Titled-Tuesday-Blitz-January-23-2024"]
[Site "Chess.com"]
[Date "2024.01.23"]
[Round "2"]
[White "MatthewG-p4p"]
[Black "malakismayil"]
[Result "1-0"]
[WhiteElo "2888"]
[BlackElo "2586"]
[TimeControl "180+1"]
[EndTime "8:18:12 PST"]
[Termination "MatthewG-p4p won on time"]

1. f4 d5 2. Nf3 Nf6 3. g3 Bf5 4. Bg2 e6 5. O-O Be7 6. d3 O-O 7. Nc3 c5 8. Ne5 Nc6 9. Nxc6 bxc6 10. e4 Bg6 11. Qf3 h5 12. h3 c4 13.
e5 Nd7 14. dxc4 Nc5 15. cxd5 cxd5 16. f5 Bxf5 17. Nxd5 Rc8 18. Nxe7+ Qxe7 19. Qxh5 Bxc2 20. Bg5 Qc7 21. Rae1 Bg6 22. Qh4 Nd3 23. Re3 Qc5 24. Kh2 Nxe5 25. Rfe1 Nc4 26. Rc3 Qa5 27. Rec1 Nb6 28.
Bd2 Qxa2 29. Rxc8 Nxc8 30. Bc3 Nb6 31. Qd4 f6 32. Qd6 Bf7 33. Rf1 Qa4 34. Rf4 Qd7 35. Qc5 e5 36. Rg4 Rc8 37. Qf2 Be6 38. Rh4 Bd5 39. Bf1 Qe6 40. Rg4 Rf8 41. Rh4 f5 42. Qe3 e4 43. Rh5 Rf7 44. Rg5 Nc4 45. Qd4 Qe7 46.
h4 Be6 47. Bxc4 1-0

[Event "Early-Titled-Tuesday-Blitz-January-23-2024"]
[Site "Chess.com"]
[Date "2024.01.23"]
[Round "2"]
[White "dropstoneDP"]
[Black "Dinosaurio_1975"]
[Result "1-0"]
[WhiteElo "3058"]
[BlackElo "2636"]
[TimeControl "180+1"]
[EndTime "8:18:13 PST"]
[Termination "dropstoneDP won by checkmate"]

1. e4 c6 2. d4 d5 3. Nd2 dxe4 4. Nxe4 Nf6 5. Qd3 Nxe4 6. Qxe4 Nd7 7. Nf3 Nf6 8. Qf4 Nd5 9. Qd2 Bf5 10. Bd3 Bxd3 11. Qxd3 e6 12. O-O Bd6 13. c4 Ne7 14. Re1 O-O 15.
Bd2 Nf5 16. Rad1 Qc7 17. g4 Ne7 18. h4 Bf4 19. Bb4 Rfd8 20. Bxe7 Qxe7 21. Qe4 Bc7 22. d5 cxd5 23. cxd5 Ba5 24. Rf1 Re8 25. Ng5 g6 26. dxe6 fxe6 27. Rd3 Rad8 28. Rfd1 Rxd3 29. Rxd3 Bb6 30.
Kg2 Rf8 31. Rf3 Rxf3 32. Nxf3 Qf6 33. b3 Qf7 34. b4 a6 35. a4 Ba7 36. a5 h6 37. Qe5 Kh7 38. b5 axb5 39. Qxb5 Kg7 40. Qb2+ Kh7 41. Ne5 Qc7 42. g5 Bb8 43. Ng4 hxg5 44.
hxg5 Qxa5 45. Nf6+ Kg7 46. Nh5+ Kf8 47. Qg7+ Ke8 48.
Nf6+ Kd8 49. Qd7# 1-0

[Event "Early-Titled-Tuesday-Blitz-January-23-2024"]
[Site "Chess.com"]
[Date "2024.01.23"]
[Round "2"]
[White "scarabee43"]
[Black "1mbl4"]
[Result "0-1"]
[WhiteElo "2807"]
[BlackElo "2568"]
[TimeControl "180+1"]
[EndTime "8:18:14 PST"]
[Termination "1mbl4 won by checkmate"]

1. Nf3 Nf6 2. c4 g6 3. Nc3 Bg7 4. e4 d6 5. d4 O-O 6. Be2 e5 7. O-O Nc6 8. Be3 Ng4 9. Bg5 f6 10. Bh4 Bd7 11. dxe5 Ngxe5 12. Nxe5 dxe5 13. Bg4 Nd4 14.
Bxd7 Qxd7 15. f3 c6 16. Bf2 Rad8 17. b3 Qe7 18. Qc1 f5 19. Qb2 Bh6 20. Rad1 Rd7 21. exf5 gxf5 22. Rfe1 Qf6 23. Ne2 Rfd8 24. Nxd4 exd4 25.
c5 Bg7 26. Rd3 Qf7 27. b4 h6 28. Red1 Kh7 29. h3 Bf6 30. Qb1 Qg6 31. R3d2 Rg7 32.
g4 fxg4 33. Qxg6+ Kxg6 34. hxg4 Rgd7 35. Rd3 h5 36. Kg2 hxg4 37. fxg4 a5 38. bxa5 Ra8 39.
Be1 Rd5 40. Bb4 Rh8 41. Ra3 Rg5 42. a6 bxa6 43. Rxa6 Rxg4+ 44. Kf3 Kf5 45. Rf1 Be5 46.
Ke2+ Ke4 47. Rxc6 Rh2+ 48. Kd1 Rxa2 49. Re1+ Kd5 50. Rc8 Rgg2 51. Rxe5+ Kxe5 52. Re8+ Kd5 53. Ke1 Ra1# 0-1

[Event "Early-Titled-Tuesday-Blitz-January-23-2024"]
[Site "Chess.com"]
[Date "2024.01.23"]
[Round "2"]
[White "viktorskliarov"]
[Black "Akylbek2021"]
[Result "0-1"]
[WhiteElo "2661"]
[BlackElo "2260"]
[TimeControl "180+1"]
[EndTime "8:18:14 PST"]
[Termination "Akylbek2021 won by resignation"]

1. e4 e5 2. Nc3 Nf6 3. Bc4 Bc5 4.
d3 O-O 5. h3 c6 6. Bb3 d5 7.
Qf3 d4 8. Nce2 a5 9. a4 Be6 10. Bxe6 fxe6 11. g4 Nd5 12. Qg3 Nb4 13. Kd1 Qf6 14. f3 Nd7 15. h4 Be7 16. g5 Qf7 17. h5 b5 18. g6 Qf6 19. gxh7+ Kh8 20. Bd2 Nc5 21. axb5 cxb5 22. Qg6 Na4 23. b3 Nb6 24. Qxf6 Bxf6 25. Nh3 Kxh7 26. Ng5+ Bxg5 27. Bxg5 Rxf3 28.
Be7 Nc6 29. Bc5 Nd7 30. Bd6 a4 31. bxa4 bxa4 32. Kd2 Rf2 33. Raf1 Rxf1 34. Rxf1 a3 35. Ra1 a2 36. Nc1 Kh6 37. Rxa2 Rxa2 38. Nxa2 Kxh5 39.
c3 g5 40. c4 g4 41. Ke2 Kh4 42. Kf1 Kh3 43. Kg1 Kg3 44. Nb4 Nxb4 45. Bxb4 Kf3 46. c5 Nb8 47. Ba5 Nc6 48. Bd2 Ke2 49. Bg5 Kxd3 0-1

[Event "Early-Titled-Tuesday-Blitz-January-23-2024"]
[Site "Chess.com"]
[Date "2024.01.23"]
[Round "2"]
[White "LastHeroJr"]
[Black "dianamirza"]
[Result "1-0"]
[WhiteElo "2440"]
[BlackElo "1992"]
[TimeControl "180+1"]
[EndTime "8:18:14 PST"]
[Termination "LastHeroJr won by resignation"]

1. e4 c5 2. Nc3 a6 3. g3 b5 4.
Bg2 Bb7 5. d3 Nf6 6. f4 d6 7.
Nf3 g6 8. O-O Bg7 9. h3 O-O 10.
Rb1 b4 11. Ne2 a5 12. g4 Na6 13. Be3 a4 14. f5 b3 15. axb3 axb3 16. c3 Nc7 17.
Qxb3 Ba6 18. Qc2 Qd7 19. Nf4 Rfb8 20. g5 Nfe8 21. h4 gxf5 22. Bh3 e6 23. exf5 exf5 24.
d4 Bxf1 25. Bxf5 Qe7 26. Re1 Ra1 27. Kxf1 Rxe1+ 28. Nxe1 Qxe3 29. Bxh7+ Kh8 30. Nfg2 Qh3 31. Bf5 Qh1+ 32. Ke2 cxd4 33. c4 d3+ 34. Qxd3 Rxb2+ 35. Kf3 Ne6 36. Qe4 Qg1 37. Kg4 Qf2 38. Bxe6 fxe6 39. Nf4 Qg1+ 40. Kh5 Be5 41. Ng6+ Kg7 42. Nxe5 dxe5 43. Qxe5+ Kf7 44. Qxb2 Qxe1 45. Qb7+ Kf8 46. Qf3+ Ke7 47. Kg6 Qe5 48. Qf7+ Kd8 49. h5 Qe4+ 50. Kh6 Qxc4 51. g6 Qc1+ 52. Kh7 Qc7 53. Qxc7+ Nxc7 54. g7 Nd5 55. g8=Q+ Kd7 56. Kg6 Ne7+ 57. Kf7 Nxg8 58. Kxg8 Ke7 59. h6 e5 60. h7 Kd6 61. h8=Q Kd5 62.
Qh1+ Kd4 63. Qe1 e4 64. Kf7 1-0

[Event "Early-Titled-Tuesday-Blitz-January-23-2024"]
[Site "Chess.com"]
[Date "2024.01.23"]
[Round "2"]
[White "vovachesss"]
[Black "biostatistician"]
[Result "1-0"]
[WhiteElo "2870"]
[BlackElo "2578"]
[TimeControl "180+1"]
[EndTime "8:18:15 PST"]
[Termination "vovachesss won by resignation"]

1. e4 e5 2. Nf3 Nc6 3. Nc3 Nf6 4. Bb5 Bb4 5. O-O O-O 6. d3 d6 7. Bxc6 bxc6 8. Ne2 h6 9. Ng3 Re8 10. Qe2 d5 11. h3 a5 12. a3 Bd6 13. b3 Ba6 14. Re1 Bf8 15. Bb2 dxe4 16. Nxe4 Nd5 17. Qd2 f5 18. Ng3 e4 19. dxe4 fxe4 20. Rxe4 Rxe4 21.
Nxe4 Qe8 22. Re1 Qg6 23. Ne5 Qe6 24. Qd1 Re8 25. Qg4 Qxg4 26. Nxg4 Kf7 27. Ne5+ Kg8 28. Nxc6 Kf7 29. Ne5+ Kg8 30. Nf3 Rb8 31. Rd1 Nf4 32. Be5 Nxh3+ 33. Kh2 Be2 34. Rd7 Bxf3 35. gxf3 Ng5 36.
Nxg5 hxg5 37. Rxc7 Rd8 38. Bc3 a4 39. bxa4 Bxa3 40.
Rxg7+ Kf8 41. Rh7 Rd5 42. Kg3 Rc5 43. Bd4 Rxc2 44. a5 Rc4 45. Bb6 Bd6+ 46. Kg2 Kg8 47. Rd7 Bf4 48. a6 Ra4 49. a7 Ra1 50. Rd8+ Kf7 51.
a8=Q Rxa8 52. Rxa8 1-0

[Event "Early-Titled-Tuesday-Blitz-January-23-2024"]
[Site "Chess.com"]
[Date "2024.01.23"]
[Round "2"]
[White "vesalhamedinia"]
[Black "GoValya"]
[Result "0-1"]
[WhiteElo "2501"]
[BlackElo "2295"]
[TimeControl "180+1"]
[EndTime "8:18:15 PST"]
[Termination "GoValya won by resignation"]

1. d4 g6 2. c4 Bg7 3. Nf3 c5 4.
e3 cxd4 5. exd4 d5 6. cxd5 Nf6 7. Nc3 Nxd5 8. Bc4 Nxc3 9. bxc3 O-O 10. O-O Qc7 11. Qe2 Bg4 12. Rb1 Bxf3 13. gxf3 Nc6 14. Re1 a6 15. Bg5 e6 16. Bh4 b5 17. Bd3 Qa5 18.
Rec1 Rac8 19. Bg3 Rfe8 20. Be4 Qa3 21. Qd2 Na5 22. Rc2 Red8 23. Qe1 h5 24. Bh4 Rd7 25. Bg5 Rdc7 26. Rbc1 Qd6 27. Bh4 Qa3 28. Bg5 Nc4 29. Bf4 e5 30. Bg3 Re7 31. d5 f5 32. Bd3 Qc5 33.
Bh4 Ree8 34. Rd1 e4 35. fxe4 fxe4 36. Bxe4 Ne5 37. Re2 Qxc3 38. Bg3 Qxe1+ 39. Rdxe1 Ng4 40. Bxg6 Rxe2 41. Rxe2 h4 42. Bxh4 Ne5 43. Bf5 Nf3+ 44. Kf1 Rc1+ 45. Kg2 Nxh4+ 46. Kh3 Nxf5 47. Re5 Bxe5 48.
Kg4 Nd6 49. h4 Rc4+ 50. Kh5 Bf6 51. Kg6 Bxh4 52. f4 0-1

[Event "Early-Titled-Tuesday-Blitz-January-23-2024"]
[Site "Chess.com"]
[Date "2024.01.23"]
[Round "2"]
[White "ukchessbomber"]
[Black "CFN_Good_Evening"]
[Result "1-0"]
[WhiteElo "2659"]
[BlackElo "1916"]
[TimeControl "180+1"]
[EndTime "8:18:16 PST"]
[Termination "ukchessbomber won by resignation"]

1. Nf3 d5 2. h3 c5 3. e3 Nc6 4. d4 Nf6 5. a3 cxd4 6. Nxd4 e5 7. Nxc6 bxc6 8. Nd2 e4 9. Be2 Bd6 10. O-O O-O 11. c4 Bc7 12. b4 Qd6 13. f4 exf3 14. Nxf3 Ne4 15. Bb2 Qh6 16. Qd4 Ng3 17. Rfe1 Nf5 18. Qc3 Bg3 19. e4 dxe4 20. Ne5 Bxe1 21. Rxe1 Qe3+ 22. Qxe3 Nxe3 23. Nxc6 Be6 24. c5 f5 25. Ba6 Nc4 26. Bc3 Kh8 27. Rd1 Nxa3 28. Rd6 Bc4 29. Bxc4 Nxc4 30. Rd7 Rg8 31. Ne7 e3 32.
Nxg8 Rxg8 33. c6 e2 34. c7 Nb6 35. Rd8 h6 36. Kf2 Kh7 37. Kxe2 Nc8 38. Bd4 g5 39. Kd3 g4 40. hxg4 fxg4 41. g3 h5 42. Kc4 h4 43. gxh4 g3 44. Kb5 g2 45. Rxg8 Kxg8 46. Kc6 Kf7 47. Kb7 Nd6+ 48. Kb8 Ke6 49. c8=Q+ Nxc8 50. Kxc8 Kd5 51. Bxa7 1-0

[Event "Early-Titled-Tuesday-Blitz-January-23-2024"]
[Site "Chess.com"]
[Date "2024.01.23"]
[Round "2"]
[White "Ceejay271"]
[Black "FoxOnTheRun97"]
[Result "1-0"]
[WhiteElo "2446"]
[BlackElo "2612"]
[TimeControl "180+1"]
[EndTime "8:18:17 PST"]
[Termination "Ceejay271 won by resignation"]

1. d4 Nf6 2. Nf3 e6 3. c4 d5 4. g3 Be7 5. Bg2 O-O 6. O-O c6 7. b3 b6 8. Bb2 Nbd7 9. Qc2 Ba6 10. Nbd2 Rc8 11. e4 c5 12. exd5 exd5 13. Rfd1 dxc4 14. dxc5 cxb3 15. axb3 Rxc5 16. Qb1 Be2 17. Re1 Bxf3 18. Nxf3 a5 19. Ba3 Ng4 20. h3 Nge5 21.
Bxc5 Nxf3+ 22. Bxf3 Bxc5 23. Qf5 Nf6 24. Rad1 Qc7 25.
Kg2 h6 26. g4 Qa7 27. h4 a4 28. g5 hxg5 29. hxg5 Nh7 30. Rd7 Qa5 31. Bd5 Nxg5 32. Re8 Rxe8 33. Bxf7+ Kf8 34. Bg6+ Kg8 35. Bxe8 Qa8+ 36.
Qd5+ Qxd5+ 37. Rxd5 Ne4 38. Bxa4 Kf7 39. f3 Nc3 40. Rd7+ Kf6 41. Bc6 g5 42. Rd3 Ne2 43. Rd8 Nf4+ 44. Kg3 Ke7 45. Rd7+ Kf6 46. Be4 Ne2+ 47. Kg4 Nd4 48. b4 Ne6 49. bxc5 bxc5 50. Rd6 Ke5 51. Rxe6+ Kxe6 52. Kxg5 c4 53. f4 c3 54. Bc2 Kf7 55. f5 Kg7 56. f6+ Kf7 57.
Kf5 Kf8 58. Kg6 Kg8 59. f7+ Kf8 60. Bb3 Ke7 61. Kg7 c2 62. Bxc2 Kd7 63. f8=Q 1-0

[Event "Early-Titled-Tuesday-Blitz-January-23-2024"]
[Site "Chess.com"]
[Date "2024.01.23"]
[Round "2"]
[White "SujanaLohani"]
[Black "Happy1712Drummer"]
[Result "0-1"]
[WhiteElo "1989"]
[BlackElo "2438"]
[TimeControl "180+1"]
[EndTime "8:18:18 PST"]
[Termination "Happy1712Drummer won on time"]

1. d4 d5 2. Nf3 e6 3. c4 a6 4. cxd5 exd5 5. Nc3 Nf6 6. g3 Bd6 7. Bg2 O-O 8. O-O Be6 9. Bg5 c6 10. e4 dxe4 11. Nxe4 Be7 12. Bxf6 Bxf6 13. Nxf6+ Qxf6 14. Re1 Nd7 15. Ne5 Rfd8 16. Qe2 Nb6 17. Red1 Nd5 18. a3 a5 19. Rac1 h6 20. Rc5 Qe7 21. Rdc1 Nf6 22. Qe3 Bd5 23. Re1 Bxg2 24. Kxg2 Qd6 25. Rd1 Re8 26.
f4 Nd5 27. Qb3 Re7 28. Rc2 a4 29. Qf3 f6 30. Nc4 Qe6 31. Rdd2 Rae8 32. h4 b5 33. Re2 Qxe2+ 34. Rxe2 Rxe2+ 35. Kh3 bxc4 36. Qg4 Rxb2 37.
Qd7 Rbe2 38. Qxc6 Ne3 39. Qxa4 c3 40. Qb3+ Kh8 41. Qxc3 Nd5 42. Qc4 Ne3 43. Qf7 Nf5 44.
Qg6 Nxd4 0-1

[Event "Early-Titled-Tuesday-Blitz-January-23-2024"]
[Site "Chess.com"]
[Date "2024.01.23"]
[Round "2"]
[White "cthake"]
[Black "ReinisUz"]
[Result "0-1"]
[WhiteElo "1833"]
[BlackElo "2434"]
[TimeControl "180+1"]
[EndTime "8:18:19 PST"]
[Termination "ReinisUz won by checkmate"]

1. e4 c5 2. Nf3 Nc6 3. Bb5 g6 4. Bxc6 bxc6 5. d3 Bg7 6. O-O e5 7. Bg5 f6 8. Be3 d6 9. c4 Ne7 10. Nc3 O-O 11. Qd2 f5 12. Bh6 f4 13. Bxg7 Kxg7 14.
d4 cxd4 15. Ne2 c5 16. b4 Bb7 17.
b5 Bxe4 18. Ng5 Bf5 19. h3 h6 20. Nf3 e4 21. Nh4 e3 22. Qb2 Bd3 23. Nxd4 cxd4 24. Qxd4+ Rf6 25. Qxd3 d5 26. c5 exf2+ 27. Rxf2 Qc7 28.
Rc1 Re8 29. Re2 Ref8 30. Nf3 Nf5 31. Qxd5 Ne3 32. Qd4 Kh7 33. Rd2 R8f7 34. Ne5 Re7 35. Nc6 Ref7 36. Ne5 Rg7 37. Ng4 Nxg4 38. hxg4 Re6 39.
Rf2 Rf7 40. a4 g5 41. Qc4 Rfe7 42. b6 axb6 43. cxb6 Qxb6 44. Qc2+ Kg8 45. Qc8+ Kf7 46. Qc4 Kg7 47. Qc3+ Kg8 48. a5 Qa7 49. Qc8+ Re8 50.
Qc4 Qf7 51. Rf3 Kg7 52. Kh2 h5 53. Qd4+ Kg8 54. Qc4 hxg4 55. Rd3 g3+ 56. Kh3 Qh5# 0-1

[Event "Early-Titled-Tuesday-Blitz-January-23-2024"]
[Site "Chess.com"]
[Date "2024.01.23"]
[Round "2"]
[White "LeRoidesChampions"]
[Black "VladimirKramnik"]
[Result "1/2-1/2"]
[WhiteElo "2612"]
[BlackElo "2923"]
[TimeControl "180+1"]
[EndTime "8:18:20 PST"]
[Termination "Game drawn by agreement"]

1. e4 c5 2. Nf3 d6 3. d4 cxd4 4. Nxd4 Nf6 5. Nc3 a6 6. Qd3 e6 7.
a4 Bd7 8. Be2 Nc6 9. O-O Be7 10.
Nxc6 Bxc6 11. a5 O-O 12. Be3 Nd7 13. b4 Qc7 14. f4 Rac8 15. Ra2 Nf6 16. Bf3 Bd7 17.
Ra3 e5 18. Bb6 Qc4 19. Be2 Qxd3 20. Bxd3 exf4 21. Rxf4 Be6 22. Nd5 Bxd5 23. exd5 Nxd5 24. Re4 Bf6 25. Bd4 Rc7 26. Bxf6 Nxf6 27. Rd4 d5 28. Rb3 g6 29. b5 axb5 30. Rxb5 Kg7 31. Rb6 Re8 32. Rdb4 Ree7 33. h3 h5 34. Rd6 Rc5 35. a6 bxa6 36. Rxa6 Ne4 37. c4 Ng3 38. Rb5 dxc4 39.
Rxc5 cxd3 40. Rd5 Ne2+ 41. Kf2 Nf4 42. Rd4 g5 43. Ra5 Kg6 44. h4 f6 45. hxg5 fxg5 46.
Rd6+ Re6 47. Rxe6+ Nxe6 48. Rd5 Nf4 49. Rd6+ Kf5 50. g3 Ng6 51. Rxd3 h4 52. gxh4 gxh4 53. Ra3 Ne5 54. Ra5 Kf4 1/2-1/2

[Event "Early-Titled-Tuesday-Blitz-January-23-2024"]
[Site "Chess.com"]
[Date "2024.01.23"]
[Round "2"]
[White "1982lf"]
[Black "only_strong_moves"]
[Result "1-0"]
[WhiteElo "2946"]
[BlackElo "2610"]
[TimeControl "180+1"]
[EndTime "8:18:22 PST"]
[Termination "1982lf won by resignation"]

1. c4 e5 2. Nc3 Nf6 3. Nf3 e4 4. Ng5 c6 5. Ngxe4 Nxe4 6. Nxe4 d5 7. cxd5 cxd5 8. Ng3 h5 9. e3 h4 10. Ne2 Nc6 11.
d4 Bf5 12. a3 Bd6 13. Nc3 O-O 14. h3 a6 15. Bd3 Qg5 16. Bxf5 Qxf5 17. Qg4 Qd3 18. Qe2 Qf5 19. O-O Ne7 20. Qg4 Qf6 21. e4 Qxd4 22. Rd1 Qf6 23. Bg5 Qe5 24. f4 Qe6 25. Nxd5 Qxe4 26. Nxe7+ Bxe7 27. Bxh4 Bxh4 28. Qxh4 Rac8 29. Re1 Qd4+ 30. Kh1 Rc2 31. Qg3 Qxb2 32. Rab1 Qd4 33. Red1 Qe4 34. Re1 Qc6 35. Rb3 Rc8 36. Qg4 a5 37. Rg3 Qf6 38. Kh2 Rf8 39. Re5 b6 40.
Rf5 Qh6 41. Rh5 Qf6 42. Rf5 Qh6 43. Rg5 g6 44. f5 Rc6 45. fxg6 Rxg6 46. Rxg6+ fxg6 47.
Qxg6+ Qxg6 48. Rxg6+ Kh7 49. Rxb6 Rf2 50. Rb5 Ra2 51.
Rxa5 1-0

[Event "Early-Titled-Tuesday-Blitz-January-23-2024"]
[Site "Chess.com"]
[Date "2024.01.23"]
[Round "2"]
[White "falzehope0"]
[Black "Aygehovit1992"]
[Result "0-1"]
[WhiteElo "2427"]
[BlackElo "2719"]
[TimeControl "180+1"]
[EndTime "8:18:22 PST"]
[Termination "Aygehovit1992 won by checkmate"]

1. d4 Nf6 2. e3 b6 3. f4 Bb7 4.
Nf3 g6 5. Bd3 Bg7 6. O-O O-O 7. f5 c5 8. Qe1 e6 9. fxg6 fxg6 10.
Nbd2 d6 11. c3 Qe7 12. e4 Nbd7 13. Qh4 Rae8 14. a3 Nh5 15. Qxe7 Rxe7 16. Nc4 Ba6 17. d5 exd5 18. exd5 Nf4 19. Bxf4 Rxf4 20. Nce5 c4 21. Nc6 Re3 22. Bc2 Re2 23. Rac1 Nc5 24. Nfd4 Bxd4+ 25. Nxd4 Rxf1+ 26. Rxf1 Rd2 27. Rf2 Rxf2 28. Kxf2 Bb7 29. Nc6 a6 30. Ke3 Kg7 31. Kd4 b5 32. Be4 Kf6 33.
Bf3 Na4 34. Nd8 Bc8 35. Nc6 Nxb2 36. h3 Nd3 37. Be2 Nf4 38. Bf3 h5 39. Ke3 g5 40.
Nd4 h4 41. Kf2 Bd7 42. Ke3 Ke5 43. Ne2 Nxd5+ 44. Bxd5 Kxd5 45. Nd4 a5 46. Nf3 g4 47. hxg4 Bxg4 48. Nxh4 Kc5 49. Kd2 d5 50. Ng6 d4 51.
cxd4+ Kxd4 52. Nf4 c3+ 53. Kc1 b4 54. Ng6 b3 55. Nf4 b2+ 56. Kb1 Bf5+ 57. Ka2 b1=Q# 0-1

[Event "Early-Titled-Tuesday-Blitz-January-23-2024"]
[Site "Chess.com"]
[Date "2024.01.23"]
[Round "2"]
[White "VinzentSpitzl"]
[Black "publicaccountcze"]
[Result "1-0"]
[WhiteElo "2532"]
[BlackElo "2313"]
[TimeControl "180+1"]
[EndTime "8:18:22 PST"]
[Termination "VinzentSpitzl won on time"]

1. e4 c5 2. Nf3 e6 3. d4 cxd4 4. Nxd4 a6 5. Bd3 Qc7 6. O-O Nf6 7.
Qe2 Bc5 8. Nb3 Ba7 9. Be3 Bxe3 10. Qxe3 O-O 11. c4 Nc6 12. Nc3 Ne5 13. Rac1 b6 14.
Be2 Bb7 15. Nd4 Rac8 16. b3 Rfd8 17. f4 Nc6 18. e5 Nxd4 19. Qxd4 Ne8 20. Na4 b5 21.
Nb6 Qc5 22. Qxc5 Rxc5 23. cxb5 Rxc1 24. Rxc1 axb5 25. Bxb5 Kf8 26. Nxd7+ Ke7 27. Nc5 Ba8 28.
Bxe8 Kxe8 29. Rc2 Rd1+ 30. Kf2 Rd5 31. Ke3 Ke7 32. b4 f6 33. exf6+ gxf6 34. a4 e5 35.
fxe5 fxe5 36. g3 Rd4 37. b5 Kd6 38. b6 Rb4 39. a5 e4 40. Rc3 Rb1 41. Rb3 Re1+ 42.
Kd2 Rh1 43. b7 Rxh2+ 44. Ke3 Bxb7 45. Nxb7+ Kc6 46. Nd8+ Kd7 47. Nf7 Rg2 48. Kxe4 Ke6 49. Ng5+ Kf6 50. Nh3 Rxg3 51. Rxg3 1-0

[Event "Early-Titled-Tuesday-Blitz-January-23-2024"]
[Site "Chess.com"]
[Date "2024.01.23"]
[Round "2"]
[White "Pastore1978"]
[Black "StankovicIvan"]
[Result "0-1"]
[WhiteElo "2288"]
[BlackElo "2521"]
[TimeControl "180+1"]
[EndTime "8:18:23 PST"]
[Termination "StankovicIvan won on time"]

1. e4 c5 2. Nc3 Nc6 3. Bb5 Nd4 4.
Nf3 g6 5. Nxd4 cxd4 6. Ne2 a6 7.
Bd3 Bg7 8. c3 d5 9. cxd4 dxe4 10.
Bxe4 Nf6 11. Bf3 O-O 12. O-O Nd5 13. d3 Rb8 14. Bg5 Be6 15. Qd2 Qd7 16. Bh4 Rfd8 17.
Rfe1 Rbc8 18. a3 Bg4 19. Bxd5 Qxd5 20. Bxe7 Re8 21. Bh4 Bxe2 22. Rxe2 Qxd4 23. Bg3 Rxe2 24. Qxe2 Qxb2 25. Qxb2 Bxb2 26. Rb1 Bxa3 27. h4 Rc1+ 28.
Rxc1 Bxc1 29. Kf1 f5 30. Be5 Kf7 31. Ke2 Ke6 32. Bc3 Kd5 33. Kd1 Bh6 34. Kc2 Bf8 35. Kb3 Bc5 36. f3 Bd4 37. Bd2 Bf2 38. h5 gxh5 39. Bc3 b5 40. Kb4 Bd4 41. Bd2 Bb6 42.
Bc3 Kc6 43. Be5 a5+ 44. Kb3 Kd5 45. Bb2 Bc5 46. Bc3 a4+ 47. Kb2 b4 48. Be1 Be7 49. Bf2 Bf6+ 50. Ka2 Bd4 51. Be1 b3+ 52. Ka3 Bc5+ 53. Kb2 Be7 54. Bc3 Bc5 55. Be1 Bd6 56.
Bd2 Kd4 0-1

[Event "Early-Titled-Tuesday-Blitz-January-23-2024"]
[Site "Chess.com"]
[Date "2024.01.23"]
[Round "2"]
[White "VomDingJetztHer"]
[Black "gau_npukyputb"]
[Result "0-1"]
[WhiteElo "2388"]
[BlackElo "2700"]
[TimeControl "180+1"]
[EndTime "8:18:24 PST"]
[Termination "gau_npukyputb won by checkmate"]

1. e4 a6 2. d4 b5 3. Bd3 Bb7 4. Nf3 e6 5. Qe2 Nf6 6. O-O c5 7. c3 cxd4 8. cxd4 d6 9. Bf4 Be7 10. h3 O-O 11. a3 Nbd7 12. Nc3 Nb6 13. b3 Rc8 14. Rfc1 Rc7 15. Nd1 Rxc1 16. Rxc1 Qa8 17. Nd2 Rc8 18. Rxc8+ Qxc8 19. Nb1 Nbd7 20. f3 Qd8 21.
Qc2 h6 22. Bg3 Nh5 23. Bf2 Nf4 24. Bf1 e5 25. Ndc3 exd4 26. Bxd4 Ne5 27. Qd2 Ne6 28. Bf2 Bg5 29. Qd1 Bf6 30. Nd5 Bxd5 31. Qxd5 Nf4 32.
Qd2 Bg5 33. Be3 Qf6 34. Kh1 Nxh3 35. Bxg5 Nxg5 36. a4 bxa4 37. bxa4 a5 38. Qxa5 h5 39. Nc3 Ngxf3 40. gxf3 Qxf3+ 41. Bg2 Qg3 42. Qd8+ Kh7 43. Ne2 Qe3 44. Ng1 Ng4 45. Qh4 Nf2+ 46. Kh2 Ng4+ 47. Kh1 Nf2+ 48. Kh2 Kh6 49. Nf3 Ng4+ 50. Kh1 Nf2+ 51.
Kh2 Ng4+ 52. Kh1 f6 53. a5 Nf2+ 54. Kh2 Ng4+ 55. Kh1 Qa3 56. Qe1 g5 57. Nd4 h4 58.
Nf5+ Kg6 59. Qe2 Ne5 60. Ne7+ Kf7 61. Nd5 g4 62. Qf2 Qa1+ 63. Bf1 g3 64. Qxf6+ Kg8 65. Ne7+ Kh7 66. Qxh4+ Kg7 67. Qxg3+ Kf7 68. Qf2+ Kxe7 69. a6 Ng4 70. Qe2 Ne5 71. Kg2 Qa3 72. Qb5 Qa2+ 73.
Be2 Qa3 74. Qb7+ Kf6 75. a7 Qe3 76. a8=Q Qxe2+ 77. Kg1 Nf3+ 78. Kh1 Qf1# 0-1

[Event "Early-Titled-Tuesday-Blitz-January-23-2024"]
[Site "Chess.com"]
[Date "2024.01.23"]
[Round "2"]
[White "isaak2009"]
[Black "Polish_fighter3000"]
[Result "0-1"]
[WhiteElo "2645"]
[BlackElo "3099"]
[TimeControl "180+1"]
[EndTime "8:18:25 PST"]
[Termination "Polish_fighter3000 won by resignation"]

1. e4 Nf6 2. e5 Nd5 3. d4 d6 4.
Nf3 dxe5 5. Nxe5 c6 6. Be2 Bf5 7. O-O Nd7 8. Nf3 e6 9. c4 N5f6 10. Nc3 Ne4 11. Nxe4 Bxe4 12. Ng5 Bg6 13. Bd3 Be7 14.
Bxg6 hxg6 15. Nf3 Qa5 16. Bf4 g5 17. Bg3 O-O-O 18. Qe2 Bf6 19. Rfd1 Qf5 20. Rac1 g4 21.
Ne5 Bxe5 22. dxe5 Nc5 23. Qe3 b6 24. b4 Nd3 25. Rb1 Nxb4 26. c5 Rxd1+ 27. Rxd1 Rd8 28.
Rf1 Rd3 29. Qe1 Nd5 30. cxb6 axb6 31. Qb1 Rd2 32. Qb3 Qe4 33. Rc1 Kb7 34. a4 Qd3 35. Qxd3 Rxd3 36. h3 gxh3 37. Rc4 Rd1+ 38. Kh2 hxg2 39.
Kxg2 Ne7 40. f3 Nf5 41. Bf2 Rd5 42. f4 g5 43. fxg5 Rxe5 44. Rb4 c5 45. Rf4 Nd6 46. Bh4 Re4 47. Rxe4 Nxe4 48. Kf3 Nd6 49. Kf4 Nc4 50. Ke4 Kc6 51. Kf4 Kd5 52. Bf2 Nb2 53. Be1 Nxa4 54. g6 fxg6 55. Kg5 e5 56. Kxg6 b5 57. Kf5 b4 58.
Kg4 b3 59. Kf3 b2 60. Ke2 b1=Q 0-1